 Dungeon Crawl Stone Soup version 0.27-a0-277-g024f7ef292 (webtiles) character file.

Game seed: 12541031850471556219

552 Borgoz the Cudgeller (level 7, 0/44 HPs)
             Began as a Gargoyle Gladiator on Feb 5, 2021.
             Killed from afar by an orc wizard (7 damage)
             ... with a magic dart
             ... on level 4 of the Dungeon.
             The game lasted 00:03:27 (3484 turns).

Borgoz the Cudgeller (Gargoyle Gladiator)           Turns: 3484, Time: 00:03:28

Health: 0/44       AC: 11    Str: 18    XL:     7   Next: 29%
Magic:  7/7        EV: 12    Int:  8    God:
Gold:   211        SH:  3    Dex: 13    Spells: 6/6 levels left

rFire    . . .     SeeInvis .   b - +1 whip (elec)
rCold    . . .     Faith    +   p - +0 buckler
rNeg     + . .     Spirit   .   s - +0 ring mail
rPois    ∞         Reflect  .   c - +0 helmet
rElec    +         Harm     .   (no cloak)
rCorr    .         Rampage  .   (no gloves)
Will     .....                  (no boots)
Stlth    +.........             j - amulet of faith
HPRegen  0.14/turn              (no ring)
MPRegen  0.10/turn              (no ring)

@: hasted, very quick
A: negative energy resistance 1, electricity resistance, unbreathing,
petrification resistance, miasma immunity, AC +4
a: no special abilities


You were on level 4 of the Dungeon.
You visited 1 branch of the dungeon, and saw 4 of its levels.

You collected 211 gold pieces.

Inventory:

Hand Weapons
 a - a +0 flail
 b - a +1 whip of electrocution (weapon)
Missiles
 d - 4 throwing nets (quivered)
Armour
 c - a +0 helmet (worn)
 p - a +0 buckler (worn)
 s - a +0 ring mail (worn)
Jewellery
 j - an amulet of faith (around neck)
Wands
 v - a wand of polymorph (11)
Scrolls
 e - 2 scrolls of magic mapping
 f - a scroll of noise {unknown}
 g - 2 scrolls of enchant weapon
 h - 2 scrolls of blinking
 i - 4 scrolls of remove curse {unknown}
 l - a scroll of teleportation
 n - 2 scrolls of amnesia {unknown}
 r - 2 scrolls of fog {unknown}
 u - a scroll of identify
Potions
 k - a potion of curing
 o - a potion of lignification
 q - a potion of magic
 t - a potion of brilliance {unknown}


   Skills:
 + Level 4.6 Fighting
 + Level 4.7 Maces & Flails
 - Level 1.7 Throwing
 + Level 3.9 Armour
 + Level 3.9 Dodging
 + Level 0.5 Shields


You had 6 spell levels left.
You didn't know any spells.
Your spell library was empty.

Dungeon Overview and Level Annotations

Branches:
Dungeon (4/15)
 Temple: D:4-7

Altars:
Cheibriados
Uskayaw


Innate Abilities, Weirdness & Mutations

You are resistant to torment.
Your stone body is resilient. (AC +4)
You are immune to poison.
You resist negative energy. (rN+)
You are resistant to electric shocks. (rElec)
You can survive without breathing.
You are immune to petrification.
You are immune to miasma.


Message History

You are too injured to fight recklessly!
You feel yourself speed up.
The orc priest invokes the aid of Beogh against you.
Beogh smites you!
* * * LOW HITPOINT WARNING * * *
The orc closely misses you. The orc wizard barely misses you.
You hit the orc priest.
Lightning courses through the orc priest!
You kill the orc priest!
The orc wizard hits you but does no damage.
The orc hits you but does no damage.
The orc priest hits you but does no damage.
Things that are here:
a +0 leather armour; an orc corpse You hit the orc priest.
The orc priest is moderately wounded.
You block the orc's attack. The orc wizard casts a spell at you.
The magic dart hits you!
You die...

.....### #.#.
.......#######################.#<
..>....).........................
........#######....#.########....
........# #....#..# *,,#.
####....# #....##.## *,,#. #....#
#....##..# *,,#. ####.####
#.o..###.# *,,#. #......# #o@..#
#.# *,,#. #......# #o...# #.#
*,,#. #......# #....#
#.#########. #......# #....#
#.........#. #......#
#....#*#..######.#. #......#
#....#....#.####.#. #......#
######............. #.[....#
#......####.#. #......#
#.......,,#.#.


You could see an orc priest, an orc wizard and an orc.

Vanquished Creatures
  An ogre (D:3)
  A centaur (D:3)
  A scorpion (D:4)
  A hound (D:3)
  3 orc priests
  An orc wizard (D:4)
  A worker ant (D:4)
  3 gnolls (D:4)
  4 adders (D:3)
  2 worms
  4 dart slugs
  8 leopard geckos
  8 orcs
  A giant cockroach (D:4)
  8 goblins
  11 hobgoblins
  4 jackals
  8 kobolds
  2 quokkas
  A ball python (D:2)
  6 bats
  4 frilled lizards
  7 rats
90 creatures vanquished.

Notes
Turn   | Place    | Note
-------+----------+-------------------------------------------
     0 | D:1      | Borgoz the Gargoyle Gladiator began the quest for the Orb.
     0 | D:1      | Reached XP level 1. HP: 12/12 MP: 1/1
   193 | D:1      | Reached XP level 2. HP: 17/18 MP: 2/2
   289 | D:1      | Reached skill level 1 in Armour
   459 | D:1      | Reached XP level 3. HP: 22/22 MP: 3/3
  1851 | D:3      | Reached XP level 4. HP: 19/28 MP: 4/4
  2194 | D:3      | Noticed a centaur
  2199 | D:3      | HP: 1/28 [centaur/arrow (7)]
  2207 | D:3      | Killed a centaur
  2208 | D:3      | Reached XP level 5. HP: 10/32 MP: 5/5
  2552 | D:3      | Found a faded altar of an unknown god.
  2577 | D:3      | Noticed an ogre
  2580 | D:3      | Killed an ogre
  2581 | D:3      | Reached XP level 6. HP: 34/38 MP: 6/6
  2725 | D:3      | Found a snail-covered altar of Cheibriados.
  3129 | D:4      | Found a hide-covered altar of Uskayaw.
  3218 | D:4      | Reached XP level 7. HP: 42/44 MP: 7/7
  3484 | D:4      | Killed from afar by an orc wizard

Illustrated notes

Levels and vault maps discovered:
D:1:      minmay_arrival_checkered_box, layout_loops_cross,
          hangedman_decor_points
D:2:      layout_basic, st_stairs_8
D:3:      layout_rooms, cheibriados_altar_1,
          chequers_ecumenical_altar_simple_redux, minmay_misc_feat_alley
D:4:      layout_basic, kennysheep_little_box, kennysheep_mini_moat, minitemple

Skill      XL: |  1  2  3  4  5 |
---------------+----------------+-----
Armour         | 1 2 3 |  3.9
Fighting       | 3 4 |  4.6
Dodging        | 3 |  3.9
Maces & Flails | 4 |  4.7
Throwing       | |  1.7
Shields        | |  0.5

Action                   |  1- 3 |  4- 6 |  7- 9 || total
-------------------------+-------+-------+-------++-------
Melee: Flail             |   132 |    19 |       ||   151
       Whip              |       |    97 |    49 ||   146
  Use: Potion            |       |     2 |     1 ||     3
       Scroll            |       |     8 |       ||     8
Armor: Leather armour    |    70 |    46 |       ||   116
       Ring mail         |       |     5 |    21 ||    26
Dodge: Dodged            |   128 |    72 |    18 ||   218
Block: Buckler           |       |     1 |     4 ||     5

Table legend: (Time is in decaauts)
 A = Elapsed time spent in this place.
 B = Non-inter-level travel time spent in this place.
 C = Inter-level travel time spent in this place.
 D = Time resting spent in this place.
 E = Time spent auto-exploring this place.
 F = Levels seen in this place.
 G = Mean time per level.
                   A        B        C        D        E       F      G
               +--------+--------+--------+--------+--------+-----+--------+
         Total |   3505 |   3432 |     73 |    311 |   2469 |   4 |  876.2 |
       Dungeon |   3505 |   3432 |     73 |    311 |   2469 |   4 |  876.2 |
               +--------+--------+--------+--------+--------+-----+--------+

Top non-repeatable levels by time:
     D:3: 1250 daAuts
     D:2: 1014 daAuts
     D:1: 852 daAuts
     D:4: 388 daAuts
